 Dungeon Crawl Stone Soup version 0.29-a0-271-gd4eb659eea (webtiles) character file.

Game seed: 8018781848409321059

31434 kae the Covert (level 13, -10/65 HPs)
             Began as a Spriggan Enchanter on Mar 8, 2022.
             Was a High Priest of Dithmenos.
             Mangled by an elephant simulacrum (19 damage)
             ... on level 4 of the Lair of Beasts.
             The game lasted 00:25:54 (26482 turns).

kae the Covert (Spriggan Enchanter)                Turns: 26482, Time: 00:25:55

Health: -10/65     AC:  9    Str:  6    XL:     13   Next: 26%
Magic:  27/27      EV: 23    Int: 19    God:    Dithmenos [*****.]
Gold:   1005       SH:  0    Dex: 16    Spells: 19/31 levels left

rFire   + . .      SeeInvis +   a - +7 dagger (freeze)
rCold   . . .      Faith    .   (no shield)
rNeg    . . .      Spirit   .   w - +3 steam dragon scales
rPois   .          Reflect  .   A - +1 hat of Experimentation {Rampage Slay+2}
rElec   .          Harm     .   D - scarf {repulsion}
rCorr   .          Rampage  +   (gloves unavailable)
Will    ++...                   (boots unavailable)
Stlth   +++++++++.              i - amulet of the acrobat
HPRegen 0.20/turn               s - ring of flight
MPRegen 0.20/turn               G - ring of protection from fire

@: flying, wreathed by umbra, repel missiles, very quick
A: very small, no large weapons, unfitting armour, see invisible, speed 3
a: Renounce Religion, Shadow Step, Shadow Form


You were on level 4 of the Lair of Beasts.
You worshipped Dithmenos.
Dithmenos was extremely pleased with you.
You visited 2 branches of the dungeon, and saw 14 of its levels.
You also visited: Ossuary, Bailey and Volcano.

You collected 1005 gold pieces.

Inventory:

Hand Weapons
 a - a +7 dagger of freezing (weapon)
 b - a +2 dagger of venom
 d - a +1 dagger of venom
 k - a +3 vampiric rapier
Missiles
 v - 2 throwing nets (quivered)
Armour
 w - +3 steam dragon scales (worn)
 A - the +1 hat of Experimentation (worn) {Rampage Slay+2}
   (You found it in a bailey)

   Slay:      It affects your accuracy & damage with ranged weapons and melee
   (+2).
   Rampage:   It bestows one free step when moving towards enemies.
 D - a scarf of repulsion (worn)
Jewellery
 i - an amulet of the acrobat (around neck)
 s - a ring of flight (left hand)
 u - a ring of resist corrosion
 C - a ring of magical power
 G - a ring of protection from fire (right hand)
 J - a +6 ring of intelligence
 P - a ring of positive energy
Wands
 p - a wand of flame (43)
 t - a wand of mindburst (12)
 x - a wand of iceblast (24)
 y - a wand of charming (20)
 z - a wand of polymorph (10)
Scrolls
 c - a scroll of immolation
 f - 3 scrolls of teleportation
 h - 4 scrolls of fear
 j - 5 scrolls of amnesia
 F - 2 scrolls of blinking
 I - a scroll of silence
 L - a scroll of fog
 M - a scroll of identify
 N - a scroll of brand weapon
Potions
 e - a potion of brilliance
 g - a potion of berserk rage
 l - 4 potions of might
 m - 8 potions of magic
 n - a potion of cancellation
 o - 4 potions of curing
 q - a potion of ambrosia
 r - 2 potions of invisibility
 B - 5 potions of heal wounds
 E - a potion of attraction
 H - a potion of resistance
 K - 2 potions of haste
 O - a potion of mutation


   Skills:
 + Level 6.5 Fighting
 * Level 12.0 Short Blades
 + Level 10.6 Dodging
 + Level 12.7 Stealth
 + Level 9.8 Spellcasting
 + Level 10.0 Hexes
 * Level 10.4 Invocations


You had 19 spell levels left.
You knew the following spells:

 Your Spells              Type           Power      Damage    Failure   Level
a - Ensorcelled Hibernat  Hex/Ice        56%        N/A       1%          2
b - Confusing Touch       Hex            47%        N/A       1%          3
c - Tukima's Dance        Hex            47%        N/A       1%          3
d - Dazzling Flash        Conj/Hex       56%        N/A       3%          3
e - Slow                  Hex            100%       N/A       1%          1

Your spell library contained the following spells:

 Spells                   Type           Power      Damage    Failure   Level
 Summon Guardian Golem    Hex/Summ       28%        N/A       3%          3
 Animate Skeleton         Necr           18%        N/A       8%          1
 Apportation              Tloc           18%        N/A       8%          1
 Magic Dart               Conj           36%        1d4       8%          1
 Summon Small Mammal      Summ           36%        N/A       8%          1
 Call Imp                 Summ           9%         N/A       12%         2
 Sublimation of Blood     Necr           9%         N/A       12%         2
 Wereblood                Tmut           9%         N/A       12%         2
 Call Canine Familiar     Summ           9%         N/A       22%         3
 Gell's Gravitas          Tloc           9%         N/A       22%         3
 Mephitic Cloud           Conj/Pois/Air  9%         N/A       22%         3
 Teleport Other           Tloc           9%         N/A       22%         3
 Vampiric Draining        Necr           9%         2d6       22%         3
 Conjure Ball Lightning   Conj/Air       4%         3x3d6     100%        6
 Dispersal                Tloc           4%         N/A       100%        6
 Summon Hydra             Summ           4%         N/A       100%        7
 Discord                  Hex            23%        N/A       100%        8
 Disjunction              Tloc           4%         N/A       100%        8


Dungeon Overview and Level Annotations

Branches:
Dungeon (10/15)            Temple (0/1) D:7            Lair (4/6) D:9
  Swamp (0/4) Lair:3        Snake (0/4) Lair:4      Ossuary (visited)
 Bailey (visited)         Volcano (visited)
    Orc: D:9-12

Altars:
Dithmenos
Elyvilon
Fedhas
Gozag
Kikubaaqudgha
Makhleb
Nemelex Xobeh
Vehumet
Yredelemnul
Zin

Shops:
D:6 [

Portals:
Ice
Cave: Lair:4

Annotations:
D:10 exclusion: 3 meliai


Innate Abilities, Weirdness & Mutations

You are very small and have problems with some larger weapons.
You are too small for most types of armour.
You have supernaturally acute eyesight. (SInv)
You cover ground extremely quickly. (Speed+++)


Message History

You hit the elephant simulacrum.
The elephant simulacrum is heavily damaged.
You hit the elephant simulacrum but do no damage.
The elephant simulacrum is heavily damaged.
You hit the elephant simulacrum.
The elephant simulacrum is severely damaged.
The elephant simulacrum tramples you.
You are shoved backwards!
You hit the elephant simulacrum.
The elephant simulacrum is severely damaged.
You hit the elephant simulacrum.
The elephant simulacrum is severely damaged.
The elephant simulacrum tramples you but does no damage.
The elephant simulacrum barely misses you.
You completely miss the elephant simulacrum.
The elephant simulacrum is severely damaged.
The death yak simulacrum gores you but does no damage.
You hit the elephant simulacrum.
The elephant simulacrum is almost destroyed.
You hit the elephant simulacrum.
The elephant simulacrum vaporises!
Dithmenos accepts your kill.
The elephant simulacrum closely misses you.
The elephant simulacrum completely misses you.
You hit the death yak simulacrum.
The death yak simulacrum is lightly damaged.
Your shadow hits the death yak simulacrum with a dagger.
The death yak simulacrum gores you! The death yak simulacrum freezes you!!!
Ouch! That really hurt!
* * * LOW HITPOINT WARNING * * *
You emit a cloud of dark smoke.
You are too injured to fight recklessly!
You are too injured to fight recklessly!
You are too injured to fight recklessly!
You are too injured to fight recklessly!
The elephant simulacrum attacks as you move away!
The elephant simulacrum misses you.
The elephant simulacrum trunk-slaps you.
* * * LOW HITPOINT WARNING * * *
The elephant simulacrum freezes you!!
You die...

#####.#.####.P#
# #####.#..##
#.....##
###+#.#.#
........##
.........#
+.....§§§§##
P.....§§§§§#
#.....§§@§§#
#.....§Z○Z.##
...........#
............#
......∩.....#
#..#.......P#
###...Z....##
#.#....#..
###.#....##


You could see a death yak simulacrum and 2 elephant simulacra.

Vanquished Creatures
  2 hydras
  A two-headed ogre (D:10)
  Amaemon (D:7)
  A deep elf archer (Volcano)
  An orc knight (Bailey)
  Pikel (D:6)
  7 deep elf pyromancers
  4 elephants (Lair:2)
  5 black mambas
  A torpor snail (Lair:2)
  An orange demon (D:8)
  9 komodo dragons
  A rime drake (Lair:3)
  3 cane toads
  4 kobold demonologists
  Psyche (D:8)
  A troll (D:9)
  2 hornets
  Prince Ribbit (D:6)
  A polar bear (Lair:4)
  8 blink frogs (Lair:2)
  Sigmund (D:6)
  27 yaks
  A shadow (D:10)
  4 basilisks
  4 fire elementals (Volcano)
  Eustachio (D:6)
  4 wyverns
  4 vampire mosquitoes (Lair:3)
  2 steam dragons
  An acid dragon (D:9)
  11 water moccasins
  4 hell hounds (Volcano)
  7 orc warriors
  2 sky beasts
  A black bear (D:6)
  3 ogres
  3 wolves (D:9)
  2 phantoms
  4 centaurs
  3 lemures (D:6)
  Blork the orc (D:4)
  6 kobold brigands
  A gnoll sergeant (D:5)
  12 bullfrogs
  3 necrophages
  A scorpion (D:7)
  7 wights
  6 killer bees
  An elephant simulacrum (Lair:4)
  3 howler monkeys (D:7)
  3 electric eels (D:9)
  4 centaur zombies (Ossuary)
  3 orc priests
  A gnoll shaman (D:7)
  6 hounds
  A jelly (D:4)
  3 iron imps (D:10)
  2 iguanas (D:7)
  8 orc wizards
  A polar bear simulacrum (Lair:4)
  Ijyb (D:4)
  6 mummies (Ossuary)
  Robin (D:2)
  14 gnolls
  7 adders
  A shadow imp (D:8)
  A white imp (D:6)
  3 worms
  3 dart slugs
  35 orcs
  7 endoplasms
  2 giant cockroaches
  13 goblins
  11 hobgoblins
  15 kobolds
  2 quokkas (D:1)
  10 ball pythons
  2 bats
  A frilled lizard (D:1)
  A goblin zombie (D:4)
  3 hobgoblin zombies (Ossuary)
  5 rats
  A rat zombie (D:4)
363 creatures vanquished.

Vanquished Creatures (others)
  A kobold (D:9)
  8 fungi
  17 plants
26 creatures vanquished.

Grand Total: 389 creatures vanquished

Notes
Turn   | Place    | Note
-------+----------+-------------------------------------------
     0 | D:1      | kae the Spriggan Enchanter began the quest for the Orb.
     0 | D:1      | Reached XP level 1. HP: 9/9 MP: 5/5
   241 | D:1      | You fall into a shaft and drop 1 floor!
   242 | D:2      | Found a white marble altar of Elyvilon.
   248 | D:2      | Reached XP level 2. HP: 12/13 MP: 6/6
   274 | D:2      | Learned a level 2 spell: Ensorcelled Hibernation
  1203 | D:1      | Reached XP level 3. HP: 12/17 MP: 8/8
  1718 | D:1      | Found a faded altar of an unknown god.
  1797 | D:2      | Noticed Robin
  2732 | D:2      | Killed Robin
  3442 | D:3      | Reached skill level 5 in Stealth
  3442 | D:3      | Reached XP level 4. HP: 20/21 MP: 0/9
  3589 | D:3      | Found a glowing silver altar of Zin.
  3634 | D:3      | Reached skill level 1 in Fighting
  3834 | D:3      | Found a shadowy altar of Dithmenos.
  3851 | D:3      | Became a worshipper of Dithmenos the Shadowed
  4309 | D:3      | Reached XP level 5. HP: 10/25 MP: 1/11
  4878 | D:3      | Found a sparkling altar of Nemelex Xobeh.
  5150 | D:4      | Noticed Blork the orc
  5153 | D:4      | Found an opulent altar of Gozag.
  5167 | D:4      | Killed Blork the orc
  5168 | D:4      | Reached XP level 6. HP: 15/30 MP: 4/12
  5176 | D:4      | Found a sand-covered staircase.
  5210 | D:4      | Learned a level 3 spell: Confusing Touch
  5214 | D:4      | Learned a level 3 spell: Tukima's Dance
  5218 | D:4      | Learned a level 3 spell: Dazzling Flash
  5313 | Ossuary  | Entered an ossuary
  5873 | Ossuary  | Reached skill level 1 in Invocations
  5878 | Ossuary  | Reached * piety under Dithmenos
  6176 | D:4      | Reached XP level 7. HP: 35/35 MP: 14/14
  6969 | D:4      | Noticed Ijyb
  6978 | D:4      | Killed Ijyb
  7306 | D:4      | Reached skill level 5 in Hexes
  7576 | D:5      | Entered Level 5 of the Dungeon
  7998 | D:5      | Reached ** piety under Dithmenos
  7999 | D:5      | Reached skill level 5 in Dodging
  8078 | D:5      | Reached skill level 5 in Short Blades
  8078 | D:5      | Reached XP level 8. HP: 39/39 MP: 14/16
  8919 | D:6      | Noticed Sigmund
  9227 | D:6      | Killed Sigmund
  9250 | D:6      | Reached skill level 5 in Spellcasting
  9315 | D:6      | Noticed Prince Ribbit
  9323 | D:6      | Killed Prince Ribbit
  9385 | D:6      | Noticed Eustachio
  9639 | D:6      | Found Muets's Armour Boutique.
 10058 | D:6      | Noticed Pikel
 10083 | D:6      | Killed Pikel
 10084 | D:6      | Reached XP level 9. HP: 38/44 MP: 9/18
 10436 | D:7      | Reached skill level 5 in Invocations
 10992 | D:7      | Found a white marble altar of Elyvilon.
 11177 | D:7      | Found a staircase to the Ecumenical Temple.
 13724 | D:8      | Noticed Psyche
 13819 | D:8      | Noticed Amaemon
 13820 | D:8      | Noticed an orange demon
 13841 | D:8      | Reached XP level 10. HP: 45/49 MP: 15/20
 14569 | D:8      | Found an ancient bone altar of Kikubaaqudgha.
 14571 | D:8      | Found a radiant altar of Vehumet.
 14574 | D:8      | Found a basalt altar of Yredelemnul.
 14680 | D:8      | Found a blossoming altar of Fedhas.
 15849 | D:7      | HP: 2/49 [poisoned by Amaemon]
 16436 | D:9      | Found a flagged portal.
 16457 | Bailey   | Entered a bailey
 16460 | Bailey   | Learned a level 1 spell: Slow
 16531 | Bailey   | Found a large runed translucent door.
 16531 | Bailey   | Found a large runed translucent door.
 16532 | Bailey   | Noticed a deep elf pyromancer
 16532 | Bailey   | Noticed an orc knight
 16804 | Bailey   | Killed an orc knight
 17109 | Bailey   | Killed a deep elf pyromancer
 17171 | Bailey   | Identified the +1 hat of Experimentation {Rampage Slay+2}
 17332 | D:9      | Reached *** piety under Dithmenos
 17700 | D:9      | Reached skill level 10 in Stealth
 17876 | D:9      | Reached XP level 11. HP: 54/54 MP: 17/23
 18010 | D:9      | Found a staircase to the Lair.
 18555 | D:10     | Entered Level 10 of the Dungeon
 18565 | D:9      | Reached **** piety under Dithmenos
 18621 | D:10     | Noticed a soul eater
 19389 | D:10     | Found a burning altar of Makhleb.
 19472 | D:10     | Identified the +6 trident of Eternal Vigilance {drain,
                  | rCorr Str+4 Int+5}
 19597 | D:10     | Noticed a sun demon
 19613 | D:10     | Reached skill level 5 in Fighting
 19973 | D:10     | Noticed a two-headed ogre
 19980 | D:10     | Killed a two-headed ogre
 20514 | D:8      | Killed Psyche
 21192 | D:7      | Found a staircase to the Ecumenical Temple.
 21363 | D:7      | Killed Amaemon
 21552 | D:7      | Found a white marble altar of Elyvilon.
 21812 | D:6      | Killed Eustachio
 21919 | Lair:1   | Entered Level 1 of the Lair of Beasts
 22116 | Lair:1   | Reached skill level 10 in Short Blades
 22990 | Lair:2   | Reached XP level 12. HP: 60/60 MP: 25/25
 23050 | Lair:2   | Reached ***** piety under Dithmenos
 23760 | Lair:2   | Noticed a six-headed hydra
 23769 | Lair:2   | Killed a six-headed hydra
 24134 | Lair:3   | Noticed a five-headed hydra
 24232 | Lair:3   | Found a staircase to the Swamp.
 24388 | Lair:3   | Found a dark tunnel.
 24393 | Volcano  | Entered a volcano
 24420 | Volcano  | Reached skill level 10 in Dodging
 24829 | Volcano  | Reached skill level 10 in Invocations
 25143 | Lair:3   | Killed a five-headed hydra
 25208 | Lair:3   | Reached XP level 13. HP: 65/65 MP: 22/27
 26158 | Lair:4   | Reached skill level 10 in Hexes
 26219 | Lair:4   | Found a staircase to the Snake Pit.
 26467 | Lair:4   | Found a frozen archway.
 26482 | Lair:4   | Mangled by an elephant simulacrum

Illustrated notes

Levels and vault maps discovered:
D:1:      wander_arrival_estate, layout_basic,
          shapermc_ecumenical_altar_mp_vishouse
D:2:      layout_loops_corners, basic_altar, uniq_robin
D:3:      layout_basic, mainiacjoe_overflow_paths,
          mainiacjoe_overflow_catwalk_spiral
D:4:      layout_gridville, grunt_gozag_statues, enter_ossuary_4,
          chequers_jeans, uniq_blork_the_orc, uniq_ijyb
D:5:      layout_loops_ring, grunt_decor_junction, hangedman_decor_peaks_small
D:6:      layout_gridville, serial_shops, kennysheep_mini,
          hangedman_decor_lopped, uniq_eustachio, uniq_sigmund, uniq_pikel,
          uniq_prince_ribbit1
D:7:      cheibrodos_quashed, layout_loops_corners, elyvilon_altar_3,
          temple_pool_b, supply_closet_lemuel, minmay_misc_feat_diagonals,
          hangedman_decor_diamond_cutter, st_stairs_11
D:8:      layout_cave_pods, grunt_temple_overflow_open, fedhas_altar_2,
          uniq_psyche, uniq_amaemon
D:9:      layout_basic, erik_lair_island, enter_bailey_6, st_stairs_1
D:10:     layout_irregular_city, demons_altar
Lair:1:   layout_small_grid, lemuel_old_faithful, grunt_megastairs_5,
          serial_bayou_shore_b
Lair:2:   layout_misc_corridors, grunt_megastairs_1
Lair:3:   layout_gridlike, minmay_swamp_entry_swarm,
          nicolae_volcano_entry_s_turn, bh_autumn_forest_stairs,
          grunt_megastairs_4
Lair:4:   layout_roguey, minmay_snake_entry_six_corridors,
          portal_ice_cave_entry_ice_simulacra, grunt_forest_large_clearings

Skill      XL: |  1  2  3  4  5  6  7  8  9 10 11 12 13 |
---------------+----------------------------------------+-----
Spellcasting   | 3 4 5 6 7 8 9 |  9.8
Dodging        | 3 4 5 6 7 8 9 10 | 10.6
Short Blades   | 2 3 4 5 6 7 9 10 11 12 | 12.0
Hexes          | 4 5 6 7 8 9 10 | 10.0
Stealth        | 5 6 8 10 11 12 | 12.7
Fighting       | 1 2 3 4 5 6 |  6.5
Invocations    | 1 2 4 5 7 8 10 | 10.4

Action                   |  1- 3 |  4- 6 |  7- 9 | 10-12 | 13-15 || total
-------------------------+-------+-------+-------+-------+-------++-------
Melee: Dagger            |   101 |   155 |   298 |   376 |    69 ||   999
       Punch             |     1 |     1 |     5 |     4 |       ||    11
 Cast: Ensorcelled Hiber |    23 |    22 |   101 |   197 |    42 ||   385
       Confusing Touch   |       |     7 |    15 |    12 |     3 ||    37
       Slow              |       |       |       |     1 |       ||     1
  Use: Scroll            |     7 |     3 |     5 |    20 |       ||    35
       Potion            |       |     3 |     1 |       |       ||     4
 Stab: Sleeping          |    22 |    17 |    63 |   119 |    23 ||   244
       Invisible         |       |     8 |       |       |       ||     8
       Confused          |       |     4 |    13 |     5 |     2 ||    24
Armor: Robe              |    11 |    17 |     6 |       |       ||    34
       Steam dragon scal |       |       |     2 |    32 |    17 ||    51
Dodge: Dodged            |    95 |   142 |   265 |   388 |    82 ||   972
       Repelled          |       |       |       |     2 |       ||     2

Table legend: (Time is in decaauts)
 A = Elapsed time spent in this place.
 B = Non-inter-level travel time spent in this place.
 C = Inter-level travel time spent in this place.
 D = Time resting spent in this place.
 E = Time spent auto-exploring this place.
 F = Levels seen in this place.
 G = Mean time per level.
                   A        B        C        D        E       F      G
               +--------+--------+--------+--------+--------+-----+--------+
         Total |  21547 |  21050 |    497 |   9623 |   8217 |  17 | 1267.5 |
       Dungeon |  16641 |  16225 |    416 |   7427 |   6651 |  10 | 1664.1 |
          Lair |   2975 |   2894 |     81 |    971 |   1420 |   4 |  743.8 |
       Ossuary |    730 |    730 |      0 |    558 |     27 |   1 |  730.0 |
        Bailey |    647 |    647 |      0 |    248 |    118 |   1 |  647.0 |
       Volcano |    552 |    552 |      0 |    418 |      0 |   1 |  552.0 |
               +--------+--------+--------+--------+--------+-----+--------+

Top non-repeatable levels by time:
     D:7: 2655 daAuts
     D:6: 2522 daAuts
     D:8: 2262 daAuts
     D:3: 1890 daAuts
     D:1: 1698 daAuts
     D:9: 1371 daAuts
     D:5: 1326 daAuts
     D:4: 1055 daAuts
     D:2: 978 daAuts
  Lair:1: 960 daAuts
  Lair:3: 884 daAuts
    D:10: 880 daAuts
  Lair:2: 811 daAuts
 Ossuary: 730 daAuts
  Bailey: 647 daAuts
